 Dungeon Crawl Stone Soup version 0.28.0-45-g0d030f2227 (webtiles) character file.

Game seed: 18334163638271157364

250 Zeld the Digger (level 6, 0/36 HPs)
             Began as a Gargoyle Earth Elementalist on Apr 19, 2022.
             Slain by an adder (3 damage)
             ... on level 3 of the Dungeon.
             The game lasted 00:05:31 (3903 turns).

Zeld the Digger (Gargoyle Earth Elementalist)       Turns: 3903, Time: 00:05:32

Health: 0/36       AC:  6    Str: 11    XL:     6   Next: 13%
Magic:  0/10       EV: 12    Int: 18    God:
Gold:   117        SH:  0    Dex: 10    Spells: 1/11 levels left

rFire   . . .      SeeInvis .   (no weapon)
rCold   . . .      Faith    .   (no shield)
rNeg    + . .      Spirit   .   b - +0 robe
rPois   ∞          Reflect  .   (no helmet)
rElec   +          Harm     .   (no cloak)
rCorr   .          Rampage  .   (no gloves)
Will    .....                   (no boots)
Stlth   ++........              (no amulet)
HPRegen 0.12/turn               (no ring)
MPRegen 0.12/turn               (no ring)

@: very slightly contaminated
A: sickness immunity, AC +4, negative energy resistance 1, electricity
resistance, torment resistance 1, petrification resistance
a: no special abilities


You were on level 3 of the Dungeon.
You visited 1 branch of the dungeon, and saw 4 of its levels.

You collected 117 gold pieces.

Inventory:

Missiles
 c - 104 stones
Armour
 b - a +0 robe (worn)
Scrolls
 a - a scroll of summoning {unknown}
 f - a scroll of immolation {unknown}
 g - 3 scrolls of identify {unknown}
 h - a scroll of noise {unknown}
 j - a scroll of fear {unknown}
Potions
 d - a potion of mutation {unknown}
 e - a potion of heal wounds {unknown}
 i - a potion of curing {unknown}


   Skills:
 * Level 2.5 Fighting
 + Level 2.2 Dodging
 + Level 3.2 Stealth
 * Level 3.1 Spellcasting
 + Level 1.4 Conjurations
 - Level 1.0 Transmutations
 * Level 5.0 Earth Magic


You had one spell level left.
You knew the following spells:

 Your Spells              Type           Power      Damage    Failure   Level
a - Sandblast             Erth           40%        2d10      1%          1
b - Passwall              Tmut/Erth      10%        N/A       7%          2
c - Stone Arrow           Conj/Erth      28%        3d8       13%         3
d - Petrify               Tmut/Erth      13%        N/A       43%         4

Your spell library contained the following spells:

 Spells                   Type           Power      Damage    Failure   Level
 Gell's Gravitas          Tloc           2%         N/A       43%         3
 Lesser Beckoning         Tloc           2%         N/A       43%         3
 Teleport Other           Tloc           2%         N/A       43%         3


Dungeon Overview and Level Annotations

Branches:
Dungeon (4/15)
 Temple: D:4-7

Altars:
Yredelemnul
The Shining One

Shops:
D:3 =


Innate Abilities, Weirdness & Mutations

You are immune to sickness and miasma.
Your stone body is resilient. (AC +4)
You are immune to poison.
You resist negative energy. (rN+)
You are resistant to electric shocks. (rElec)
You are resistant to unholy torment.
You are immune to petrification.


Message History

Aiming: Stone Arrow (quite dangerous; 13% risk of failure)
Press: ? - help, Shift-Dir - straight line, f/p - orc
Aim: an orc, wielding a +0 mace and wearing a +0 chain mail (moderately wounded, 77% to hit)
The stone arrow hits the orc but does no damage.
The orc is moderately wounded.
The orc barely misses you. The adder closely misses you.
The orc closely misses you.
You barely miss the orc.
The orc is moderately wounded.
The adder barely misses you. The orc closely misses you.
The orc hits you with a +0 morningstar.
* * * LOW HITPOINT WARNING * * *
You aren't carrying any items that you can evoke.
You barely miss the orc.
The orc is moderately wounded.
The adder misses you. The orc closely misses you.
The orc hits you with a +0 morningstar!
* * * LOW HITPOINT WARNING * * *
The adder bites you but does no damage.
You hit the orc.
The orc is severely wounded.
The orc completely misses you. The adder bites you but does no damage.
The orc barely misses you.
Casting: Stone Arrow (quite dangerous; 13% risk of failure)
Confirm with . or Enter, or press ? or * to list all spells.
You don't know that spell.
You hit the orc but do no damage.
The orc is severely wounded.
The adder barely misses you. The orc completely misses you.
The orc barely misses you.
Casting: Stone Arrow (quite dangerous; 13% risk of failure)
Confirm with . or Enter, or press ? or * to list all spells.
Aiming: Sandblast (safe; 1% risk of failure)
Press: ? - help, Shift-Dir - straight line, f/p - orc
Aim: an orc, wielding a +0 mace and wearing a +0 chain mail (severely wounded, 86% to hit)
The blast of sand hits the orc but does no damage.
The orc is severely wounded.
c - 104 stones The adder bites you.
You die...

.###.......## ##.....#####...###
............####..........#....#.
............'..................#.
.####.......####.......##.####.#.
.####......## #......###.# ###.
....#.....## #'#...####.# #.
...#.....## #.#........# #.
_......)## #o##.####### #.
...##..#.#######@##.# #.
...##..##......So≈..# #.
'####..###.....≈.≈.## #.
.###....#.####.#∩### #.
..........# #.#.# ## .........##
#.#.# #. ........## #.#'# #.
#######.# #...# #. #.# ##### #.


You could see an adder and 2 orcs.

Vanquished Creatures
  A phantom (D:4)
  A crimson imp (D:3)
  Natasha (thrice) (D:3)
  An ufetubus (D:4)
  A worm (D:3)
  4 dart slugs
  An orc (D:3)
  5 endoplasms
  A giant cockroach (D:1)
  5 hobgoblins
  5 kobolds
  2 quokkas
  5 ball pythons
  3 bats
  6 goblins
  2 hobgoblin zombies (D:3)
  2 orc zombies (D:3)
  8 rats
56 creatures vanquished.

Notes
Turn   | Place    | Note
-------+----------+-------------------------------------------
     0 | D:1      | Zeld the Gargoyle Earth Elementalist began the quest for
                  | the Orb.
     0 | D:1      | Reached XP level 1. HP: 10/10 MP: 3/3
   113 | D:1      | Reached skill level 1 in Transmutations
   113 | D:1      | Reached XP level 2. HP: 3/15 MP: 0/5
   132 | D:1      | Learned a level 2 spell: Passwall
   847 | D:2      | Reached XP level 3. HP: 20/20 MP: 4/6
   851 | D:2      | Learned a level 3 spell: Stone Arrow
   906 | D:2      | Reached skill level 4 in Earth Magic
  1379 | D:2      | Reached skill level 1 in Fighting
  1389 | D:2      | Found a basalt altar of Yredelemnul.
  1692 | D:3      | Found a faded altar of an unknown god.
  2196 | D:3      | Found a glowing golden altar of the Shining One.
  2234 | D:3      | Reached XP level 4. HP: 25/25 MP: 0/7
  2332 | D:3      | Noticed Natasha
  2336 | D:3      | Killed Natasha
  2425 | D:3      | Reached XP level 5. HP: 30/30 MP: 7/9
  2435 | D:3      | Reached skill level 1 in Conjurations
  2736 | D:3      | Found Anyse's Jewellery Shop.
  2854 | D:3      | Found a glowing golden altar of the Shining One.
  3037 | D:3      | Noticed Natasha
  3042 | D:3      | Killed Natasha
  3202 | D:3      | Found Anyse's Jewellery Shop.
  3412 | D:3      | Found a faded altar of an unknown god.
  3594 | D:3      | Noticed Natasha
  3597 | D:3      | Killed Natasha
  3803 | D:4      | Noticed a phantom
  3813 | D:4      | Killed a phantom
  3814 | D:4      | Reached skill level 5 in Earth Magic
  3814 | D:4      | Reached XP level 6. HP: 26/36 MP: 0/10
  3819 | D:4      | Learned a level 4 spell: Petrify
  3903 | D:3      | Slain by an adder

Illustrated notes

Levels and vault maps discovered:
D:1:      dpeg_arrival_stonehenge_12_columns, layout_rooms,
          serial_bayou_crossing
D:2:      layout_loops_cross, basic_altar
D:3:      layout_loops_corners, nicolae_tso_besieged_by_evil, serial_shops,
          nicolae_shop_hallway_stairs, dreamdust_ecumenical_altar_grove,
          grunt_ministairs_15, roderic_serpentine_path, corexii_shack,
          uniq_natasha
D:4:      nicolae_cairo_tiling, layout_basic, uniq_blork_the_orc

Skill      XL: |  1  2  3  4  5 |
---------------+----------------+-----
Transmutations | 1 |  1.0
Earth Magic    | 4 5 |  5.0
Fighting       | 1 2 |  2.5
Dodging        | 2 |  2.2
Conjurations   | 1 |  1.4
Stealth        | 3 |  3.2
Spellcasting   | 3 |  3.1

Action                   |  1- 3 |  4- 6 || total
-------------------------+-------+-------++-------
Melee: Unarmed           |    15 |     7 ||    22
 Cast: Sandblast         |    65 |    23 ||    88
       Stone Arrow       |       |     3 ||     3
Armor: Robe              |     7 |     6 ||    13
Dodge: Dodged            |    20 |    21 ||    41
